Cogmind - Beta 17.1 @@@ ROGUE MODE // 2026.08.27 @ 07:22:24 Player: kway_side Result: Destroyed by G-50 Soldier with Heavy Laser Performance ------------- Evolutions (5) 2500 Regions Visited (15) 3000 Robots Destroyed (35) 175 Value Destroyed (754) 754 Prototype IDs (9) 180 Alien Tech Used (0) 0 Bonus (509) 509 TOTAL SCORE: 7118 Bonus ------- Follower Combat Kills 309 Entered Garrisons 200 Cogmind --------- Core Integrity 0/1000 Matter 87/300 Energy 98/100 System Corruption 3% Temperature Cool (18) Movement Core (50) Location -5/Hub_04(d) Parts ------- > --- POWER (2) -------- (None) > --- PROPULSION (5) --- (None) > --- UTILITY (8) ------ Advanced Visual Processing Unit Improved Hacking Suite Improved Hacking Suite Improved System Shield > --- WEAPON (2) ------- (None) > --- INVENTORY (5) ---- Aerolev Unit Aerolev Unit Power Amplifier Advanced Terrain Scanner Peak State ------------ > --- POWER ------------ Light Nuclear Core Cold Fusion Reactor > --- PROPULSION ------- Aerolev Unit Aerolev Unit Aerolev Unit Aerolev Unit Improved Gravmag System > --- UTILITY ---------- Power Amplifier Medium Storage Unit Weight Redist. System Advanced Visual Processing Unit Advanced Sensor Array Point Defense System Improved Hacking Suite Improved Hacking Suite > --- WEAPON ----------- KE Penetrator Axe > --- INVENTORY -------- Improved VTOL Module Improved VTOL Module Improved VTOL Module Improved VTOL Module Nuclear Pulse Array Advanced Terrain Scanner Improved Transmission Jammer Phase Shifter Improved Proton Missile Launcher [Rating: 75] Favorites ----------- Power Light Ion Engine Engine Light Ion Engine Power Core Light Nuclear Core Reactor Cold Fusion Reactor Propulsion Aerolev Unit Leg Aluminum Leg Hover Unit Aerolev Unit Flight Unit Improved Flight Unit Utility Medium Storage Unit Device Weight Redist. System Storage Medium Storage Unit Processor Advanced Visual Processing Unit Hackware Improved Hacking Suite Protection Utility Shielding Weapon Axe Energy Gun Medium Laser Ballistic Gun Light Assault Rifle Ballistic Cannon Assault Cannon Launcher Mini Grenade Launcher Impact Weapon Mace Slashing Weapon Axe Build | -11 -10 -10 -9 -8 -8 -8 -8 -6 -6 -6 -5 -5 -5 -5 -5 ------- Run | Yrd Mat Min Mat Mat Sto Gar Rec Fac Was Fac Fac Ext Cet Arc Hub Slots Evolved 10 | . . . 2 2 . . . 4 . . 2 . . . . Power 1 | . . . . . . . . . . . 1 . . . . Propulsion 3 | . . . 1 1 . . . 1 . . . . . . . Utility 6 | . . . 1 1 . . . 3 . . 1 . . . . Weapon . | . . . . . . . . . . . . . . . . Parts Attached 68 | 2 7 1 6 4 9 . 2 7 2 13 3 12 . . . Power 11 | . 1 . . 1 2 . . 1 1 1 1 3 . . . Engine 3 | . 1 . . . 2 . . . . . . . . . . Core 7 | . . . . 1 . . . 1 1 . 1 3 . . . Reactor 1 | . . . . . . . . . . 1 . . . . . Propulsion 23 | . 4 . 3 . 4 . . 1 . 6 1 4 . . . Treads . | . . . . . . . . . . . . . . . . Leg . | . . . . . . . . . . . . . . . . Wheel . | . . . . . . . . . . . . . . . . Hover 12 | . 4 . 3 . . . . . . 4 1 . . . . Flight 11 | . . . . . 4 . . 1 . 2 . 4 . . . Utility 24 | 1 2 . 2 1 1 . 1 4 1 6 1 4 . . . Device 14 | 1 1 . 1 . 1 . . 1 1 4 1 3 . . . Storage 1 | . 1 . . . . . . . . . . . . . . Processor 4 | . . . 1 . . . 1 2 . . . . . . . Hackware 4 | . . . . 1 . . . . . 2 . 1 . . . Protection 1 | . . . . . . . . 1 . . . . . . . Artifact . | . . . . . . . . . . . . . . . . Weapon 10 | 1 . 1 1 2 2 . 1 1 . . . 1 . . . Energy Gun . | . . . . . . . . . . . . . . . . Energy Cannon . | . . . . . . . . . . . . . . . . Ballistic Gun 5 | 1 . 1 1 . . . . 1 . . . 1 . . . Ballistic Cannon 2 | . . . . . 1 . 1 . . . . . . . . Launcher 1 | . . . . 1 . . . . . . . . . . . Special Weapon . | . . . . . . . . . . . . . . . . Impact Weapon 1 | . . . . 1 . . . . . . . . . . . Slashing Weapon 1 | . . . . . 1 . . . . . . . . . . Piercing Weapon . | . . . . . . . . . . . . . . . . Special Melee Weapon . | . . . . . . . . . . . . . . . . Unidentified Prototypes 5 | . . . . . 1 . . . . 3 1 . . . . Parts Lost 33 | . 1 . 5 4 2 . . . 3 . 1 8 6 2 1 Power 8 | . . . 1 1 1 . . . 1 . . 2 2 . . Propulsion 14 | . 1 . 2 3 . . . . 2 . . 1 3 1 1 Utility 8 | . . . . . . . . . . . 1 5 1 1 . Weapon 3 | . . . 2 . 1 . . . . . . . . . . Highest Loss Streak 9 | . 1 . 5 4 2 . . . 3 . 1 3 6 8 9 To Critical Strikes 2 | . . . . . 1 . . . 1 . . . . . . Average Backups 8 | 6 8 10 9 8 9 9 9 9 8 9 9 6 4 4 4 Power . | 1 1 1 1 . . . . . . . . . . . . Propulsion 3 | 4 3 3 1 . 2 4 4 4 4 6 6 4 2 2 2 Utility 2 | . 1 4 3 3 4 4 4 2 1 . 2 1 1 2 2 Weapon 1 | 1 2 2 2 2 2 1 1 2 1 1 1 . . . . Tool/Special . | . . . . . . . . . . . . . . . . Unused Backups 33 | . 13 . 2 . 4 . . 2 2 5 3 2 . . . Power 3 | . 1 . . . . . . . . 2 . . . . . Propulsion 13 | . 7 . 1 . 1 . . . . 1 3 . . . . Utility 10 | . 3 . 1 . 2 . . 2 1 . . 1 . . . Weapon 7 | . 2 . . . 1 . . . 1 2 . 1 . . . Tool/Special . | . . . . . . . . . . . . . . . . Average Slot Usage (%) 90 | . 100 100 97 75 82 90 97 89 90 99 94 75 56 41 25 Engine 5 | . 14 14 10 . 8 9 9 5 . . . . . . . Core 1 | . . . . 8 . . . . 5 1 3 5 6 . . Reactor 1 | . . . . . . . . . . 4 5 2 . . . Hover 15 | . 23 28 32 22 . . . . . 25 23 8 . . . Flight 9 | . . . . . 19 36 36 26 27 6 2 15 15 11 1 Device 14 | . 14 14 14 9 9 9 9 14 16 20 22 14 8 5 . Storage 8 | . 14 14 11 9 9 9 9 6 6 6 5 2 . . . Processor 5 | . . . 6 9 9 9 9 10 13 8 5 5 5 5 5 Hackware 6 | . . . . 7 9 9 9 6 6 10 11 14 17 17 17 Ballistic Gun 9 | . 28 28 21 . . . . . 6 6 3 . . . . Ballistic Cannon 1 | . . . . . 4 . 6 5 . . . . . . . Slashing Weapon 2 | . . . . . 2 9 9 6 6 6 5 1 . . . Peak Build Rating 75 | 9 9 9 12 19 32 26 30 49 52 64 73 75 62 28 23 Average Rating 35 | 7 8 9 11 16 24 26 29 38 46 60 69 64 42 26 19 On Entrance 30 | 6 9 9 9 8 13 26 26 30 49 46 64 69 67 28 23 Avg Prop Armor Cover (%) 1 | . . . . . . . . . . 1 1 . . . . Naked Turns . | . . . . . . . . . . . . . . . . Heaviest Build 39 | 12 16 16 16 18 26 18 23 26 27 32 38 39 28 2 . Greatest Support 48 | 20 20 18 24 27 26 26 26 32 32 38 48 48 28 10 5 Greatest Overweight (x) 2 | . 1 . . 1 2 . . . 1 . . 1 2 . . Average Overweight (x) . | . . . . . . . . . . . . . . . . Largest Inventory Capacity 10 | 8 10 10 10 10 10 10 10 10 10 10 10 10 5 5 5 Average Capacity 9 | 8 9 10 10 10 10 10 10 10 9 10 10 7 5 5 5 Most Carried 10 | 6 10 10 10 9 10 9 10 10 10 10 10 10 5 4 4 Average Carried 8 | 6 9 10 9 8 9 9 9 9 7 9 9 7 4 4 4 Final Capacity 10 | 8 10 10 10 10 10 10 10 10 10 10 10 5 5 5 5 Final Carried 10 | 6 10 10 9 9 9 9 9 10 6 10 10 5 4 4 4 Class Distribution -------------------- 34% | Mutant 15% | Hacker-Mutant 12% | Scavenger-Sprinter 9% | Hacker-Scout 7% | Hacker-Sprinter 5% | Scavenger-Mutant 5% | Scavenger-Ninja 4% | Sprinter 3% | Scavenger-Scout Dominant Class ---------------- Mutant | -10/Materials Mutant | -10/Mines Mutant | -9/Materials Scavenger-Mutant | -8/Materials Sprinter | -8/Storage Scavenger-Sprinter | -8/Garrison Scavenger-Sprinter | -8/Recycling Scavenger-Sprinter | -6/Factory Scavenger-Ninja | -6/Waste Hacker-Mutant | -6/Factory Hacker-Scout | -5/Factory Hacker-Sprinter | -5/Extension Hacker-Sprinter | -5/Cetus Hacker-Sprinter | -5/Archives Hacker-Mutant | -5/Hub_04(d) Resources | -11 -10 -10 -9 -8 -8 -8 -8 -6 -6 -6 -5 -5 -5 -5 -5 ----------- Run | Yrd Mat Min Mat Mat Sto Gar Rec Fac Was Fac Fac Ext Cet Arc Hub Matter Collected 941 | 228 153 28 20 67 198 . . . . 49 43 145 . . 10 Remotely . | . . . . . . . . . . . . . . . . Salvage Created 1012 | 10 332 47 55 72 239 . . . . 78 43 136 . . . Parts 83 | 5 26 3 2 6 19 . . . . 8 7 7 . . . Haulers Intercepted 4 | . 2 . . 1 1 . . . . . . . . . . Recyclers Shooed 2 | 1 1 . . . . . . . . . . . . . . Parts Field Recycled . | . . . . . . . . . . . . . . . . Retrieved Matter . | . . . . . . . . . . . . . . . . Parts Self-Destructed . | . . . . . . . . . . . . . . . . Prevented . | . . . . . . . . . . . . . . . . Parts Restored . | . . . . . . . . . . . . . . . . Kills | -11 -10 -10 -9 -8 -8 -8 -8 -6 -6 -6 -5 -5 -5 -5 -5 ------- Run | Yrd Mat Min Mat Mat Sto Gar Rec Fac Was Fac Fac Ext Cet Arc Hub Combat Hostiles Destroyed 27 | . 9 3 1 3 6 . . . . 3 . 2 . . . Melee 4 | . . . . . 2 . . . . . . 2 . . . Guns 16 | . 9 3 1 . . . . . . 3 . . . . . Cannons 3 | . . . . . 3 . . . . . . . . . . AOE 3 | . . . . 3 . . . . . . . . . . . Classes Destroyed 8 | 1 3 . 1 1 . . . . . . 1 1 . . . Builder 2 | . . . . . . . . . . . 2 . . . . Tunneler 1 | 1 . . . . . . . . . . . . . . . Hauler 4 | . 2 . . 1 1 . . . . . . . . . . Operator 1 | . . . . 1 . . . . . . . . . . . Swarmer 17 | . 6 3 . 3 2 . . . . 3 . . . . . Grunt 7 | . 3 . . . 4 . . . . . . . . . . Sentry 2 | . . . 1 . . . . . . . . 1 . . . Programmer 1 | . . . . . . . . . . . . 1 . . . Best Kill Streak 4 | 1 4 4 1 4 3 . . . . 3 1 2 . . . Combat Bots Only 4 | . 4 3 1 3 3 . . . . 3 . 2 . . . Max Kills in Single Turn 2 | 1 2 1 1 2 1 . . . . 1 1 1 . . . Gunslinging 1 | . 1 . . . . . . . . . . . . . . Exploded 2 | . . . . 2 . . . . . . . . . . . Melee 1 | . . . . . 1 . . . . . . 1 . . . Uniques/NPCs Destroyed . | . . . . . . . . . . . . . . . . Combat | -11 -10 -10 -9 -8 -8 -8 -8 -6 -6 -6 -5 -5 -5 -5 -5 -------- Run | Yrd Mat Min Mat Mat Sto Gar Rec Fac Was Fac Fac Ext Cet Arc Hub Hostile Shots Fired 394 | . 38 13 25 26 96 7 3 . 2 32 8 77 46 14 7 Missed 152 | . 9 6 7 10 42 1 1 . . 19 4 33 13 5 2 Hits 242 | . 29 7 18 16 54 6 2 . 2 13 4 44 33 9 5 Melee 6 | . . . 4 . . . . . 2 . . . . . . Projectile 236 | . 29 7 14 16 54 6 2 . . 13 4 44 33 9 5 Critical Strikes 13 | . . . 1 1 4 1 . . 2 . . . 2 . 2 Damage Taken 4319 | . 290 58 334 250 734 86 29 . 103 119 81 991 854 230 160 Core 1628 | . 42 20 73 84 265 73 13 . 40 5 21 152 510 170 160 Absorbed by Shields 31 | . . . . . . . . . . . . 31 . . . Core Remaining (%) 74 | 100 . 75 81 . . . 20 . . 94 . . . . . Volleys Fired 61 | 2 31 4 10 2 8 . . . . 4 . . . . . Largest 2 | 2 2 2 2 1 1 . . . . 1 . . . . . Hottest 40 | 40 40 40 40 30 37 . . . . 30 . . . . . Shots Fired 106 | 4 60 8 20 2 8 . . . . 4 . . . . . Gun 96 | 4 60 8 20 . . . . . . 4 . . . . . Cannon 8 | . . . . . 8 . . . . . . . . . . Launcher 2 | . . . . 2 . . . . . . . . . . . Special . | . . . . . . . . . . . . . . . . Kinetic 104 | 4 60 8 20 . 8 . . . . 4 . . . . . Thermal . | . . . . . . . . . . . . . . . . Explosive 2 | . . . . 2 . . . . . . . . . . . Electromagnetic . | . . . . . . . . . . . . . . . . Robot Hit Streak 10 | 3 10 8 4 1 2 . . . . 3 . . . . . Robot Miss Streak 3 | 1 3 1 2 1 1 . . . . 1 . . . . . Penetration Max . | . . . . . . . . . . . . . . . . Secondary Targets 3 | . 2 1 . . . . . . . . . . . . . Max Gunslinging Chain 1 | . 1 1 . . . . . . . . . . . . . Shots Hit Robots 98 | 3 32 5 13 9 18 . . . . 4 5 9 . . . Core Hits 48 | 2 19 3 6 2 7 . . . . 3 2 4 . . . Critical Kills 2 | . . . . . 2 . . . . . . . . . . Critical Parts Destroyed 2 | . . . . 2 . . . . . . . . . . . Critical Strikes 6 | . . . . 2 2 . . . . . . 2 . . . Smash 4 | . . . . 2 2 . . . . . . . . . . Sever 2 | . . . . . . . . . . . . 2 . . . Melee Attacks 45 | . . . . 8 18 1 . . . 2 5 11 . . . Impact 15 | . . . . 8 7 . . . . . . . . . . Slashing 30 | . . . . . 11 1 . . . 2 5 11 . . . Piercing . | . . . . . . . . . . . . . . . . Sneak Attacks 8 | . . . . 2 2 . . . . 1 3 . . . . Combat Hostiles . | . . . . . . . . . . . . . . . . Follow-up Attacks . | . . . . . . . . . . . . . . . . Damage Inflicted 2374 | 28 383 58 96 384 678 . . . . 126 310 311 . . . Guns 614 | 28 364 58 96 . . . . . . 68 . . . . . Cannons 143 | . . . . . 143 . . . . . . . . . . Explosions 142 | . . . . 142 . . . . . . . . . . . Melee 1456 | . . . . 242 535 . . . . 58 310 311 . . . Ramming 19 | . 19 . . . . . . . . . . . . . . Kinetic 757 | 28 364 58 96 . 143 . . . . 68 . . . . . Thermal . | . . . . . . . . . . . . . . . . Explosive 142 | . . . . 142 . . . . . . . . . . . Electromagnetic . | . . . . . . . . . . . . . . . . Impact 486 | . . . . 242 244 . . . . . . . . . . Slashing 970 | . . . . . 291 . . . . 58 310 311 . . . Piercing . | . . . . . . . . . . . . . . . . Highest Corruption 3 | . 2 2 . . . . . . . 2 . 3 3 3 3 Average Corruption 2 | . 2 2 . . . . . . . 2 . 2 3 3 3 Corruption Purged . | . . . . . . . . . . . . . . . . Corruption Blocked . | . . . . . . . . . . . . . . . . Effects 22 | . 4 5 . . . . . . . 5 . 6 1 . 1 Message Errors 4 | . 1 . . . . . . . . 2 . 1 . . . Matter Fused 8 | . 1 3 . . . . . . . 1 . 2 1 . . Heat Flow Errors 3 | . 1 1 . . . . . . . 1 . . . . . Energy Discharges 3 | . 1 . . . . . . . . . . 1 . . 1 Parts Fused 1 | . . 1 . . . . . . . . . . . . . Data Loss (minor) 2 | . . . . . . . . . . 1 . 1 . . . Data Loss (major) 1 | . . . . . . . . . . . . 1 . . . Overload Shots . | . . . . . . . . . . . . . . . . Overflow Damage 230 | . . . . 97 38 . . . . 18 57 20 . . . Projectiles . | . . . . . . . . . . . . . . . . Explosions 34 | . . . . 34 . . . . . . . . . . . Melee 196 | . . . . 63 38 . . . . 18 57 20 . . . Knockbacks 5 | . . . . . 5 . . . . . . . . . . Impact 3 | . . . . . 3 . . . . . . . . . . Kinetic 2 | . . . . . 2 . . . . . . . . . . Secondary . | . . . . . . . . . . . . . . . . Self-Inflicted Damage 40 | . 9 . . 31 . . . . . . . . . . . Shots 1 | . . . . 1 . . . . . . . . . . . Rammed 2 | . 2 . . . . . . . . . . . . . . Targets Rammed 2 | . 2 . . . . . . . . . . . . . . Kicked . | . . . . . . . . . . . . . . . . Crushed . | . . . . . . . . . . . . . . . . Highest Temperature 265 | . 229 265 18 5 31 17 . . . 209 . 6 7 . . Average Temperature 51 | . 56 87 6 5 11 14 . . . 119 . 2 4 . . Received Heat Transfer 1056 | . 84 . 75 99 333 72 . . . 30 . 111 180 18 54 Siege Activations . | . . . . . . . . . . . . . . . . Martial Activations . | . . . . . . . . . . . . . . . . Shielding Activations . | . . . . . . . . . . . . . . . . Robots Disrupted . | . . . . . . . . . . . . . . . . Combat Hostiles . | . . . . . . . . . . . . . . . . Robots Corrupted 3 | . . . . 2 1 . . . . . . . . . . Combat Hostiles 1 | . . . . . 1 . . . . . . . . . . Parts Fried 4 | . . . . 3 1 . . . . . . . . . . Impact Corruptions 5 | . . . . 4 1 . . . . . . . . . . Robots Melted . | . . . . . . . . . . . . . . . . Combat Hostiles . | . . . . . . . . . . . . . . . . Parts Melted . | . . . . . . . . . . . . . . . . Heat Transferred . | . . . . . . . . . . . . . . . . Parts Sabotaged . | . . . . . . . . . . . . . . . . Parts Stolen . | . . . . . . . . . . . . . . . . Parts Stripped . | . . . . . . . . . . . . . . . . Power Chain Reactions . | . . . . . . . . . . . . . . . . Alert | -11 -10 -10 -9 -8 -8 -8 -8 -6 -6 -6 -5 -5 -5 -5 -5 ------- Run | Yrd Mat Min Mat Mat Sto Gar Rec Fac Was Fac Fac Ext Cet Arc Hub Maximum Alert Level 1 | . . . . . 1 . . . . . . . . . . Low Security (%) 99 | 100 100 100 100 100 90 100 100 100 100 100 100 100 100 100 100 Level 1 . | . . . . . 9 . . . . . . . . . . Level 2 . | . . . . . . . . . . . . . . . . Level 3 . | . . . . . . . . . . . . . . . . Level 4 . | . . . . . . . . . . . . . . . . Level 5 . | . . . . . . . . . . . . . . . . High Security . | . . . . . . . . . . . . . . . . Max Security . | . . . . . . . . . . . . . . . . Peak Influence 253 | 5 82 70 30 149 253 163 105 50 32 78 25 124 34 . 15 Initial 148 | . . . . . 45 148 73 50 15 21 8 . 34 . . Average 23 | 1 27 20 6 33 61 158 20 9 11 21 3 33 10 . 5 Influence Increases 1725 | 5 246 70 66 175 335 15 46 107 41 177 82 339 6 . 15 Destroy 0b10 Robot/C 640 | . 180 60 20 60 120 . . . . 60 . 140 . . . Destroy 0b10 Robot/NC 40 | 5 10 . . 10 5 . . . . . 10 . . . . Destroy Leader 108 | . 34 10 10 12 22 . . . . 10 . 10 . . . Allied During Kill 23 | . . . . . . . . . . . . 23 . . . Successful Hack 186 | . 6 . 21 15 21 . 46 12 . 32 27 . 6 . . Disable Machine 15 | . . . . . . 15 . . . . . . . . . Destroy Structure 78 | . 1 . . 18 2 . . . 41 . . 16 . . . Advance Influence 50 | . . . . . . . . 50 . . . . . . . Partial Spotted 60 | . . . 15 . 15 . . . . 15 15 . . . . Lose Combat Pursuer 525 | . 15 . . 60 150 . . 45 . 60 30 150 . . 15 Influence Decreases 1720 | 5 246 70 66 66 215 81 209 62 55 190 100 277 68 . 10 Entered New Map 313 | . . . . . 64 81 90 . 30 10 10 . 28 . . Time Decay 977 | 5 236 70 61 30 131 . 10 62 25 180 80 67 10 . 10 Lost Part 161 | . 10 . 5 36 20 . . . . . 10 50 30 . . Lost Ally 160 | . . . . . . . . . . . . 160 . . . Purge Threat 109 | . . . . . . . 109 . . . . . . . . Squads Dispatched 9 | . 1 . . . 1 . . . . 3 4 . . . . Investigation 5 | . 1 . . . . . . . . 2 2 . . . . Extermination 2 | . . . . . . . . . . 1 1 . . . . Reinforcement 2 | . . . . . 1 . . . . . 1 . . . . Assault . | . . . . . . . . . . . . . . . . Garrison . | . . . . . . . . . . . . . . . . Intercept . | . . . . . . . . . . . . . . . . Searches Triggered . | . . . . . . . . . . . . . . . . Construction Impeded . | . . . . . . . . . . . . . . . . Haulers Reinforced . | . . . . . . . . . . . . . . . . Active Scanning Responses . | . . . . . . . . . . . . . . . . Cargo Convoy Interrupts . | . . . . . . . . . . . . . . . . Stealth | -11 -10 -10 -9 -8 -8 -8 -8 -6 -6 -6 -5 -5 -5 -5 -5 --------- Run | Yrd Mat Min Mat Mat Sto Gar Rec Fac Was Fac Fac Ext Cet Arc Hub Distress Signals 11 | . 1 . . 2 3 . . 1 . . 1 2 1 . . Communications Jammed . | . . . . . . . . . . . . . . . . Distress Signals . | . . . . . . . . . . . . . . . . Times Spotted 146 | . 17 5 7 11 28 6 3 4 4 13 12 22 5 4 5 Peak Tracking Total 10 | . 5 3 3 9 10 8 3 7 3 5 6 9 5 4 4 Tactical Retreats 16 | . 1 . . 1 4 . . 1 . 2 2 4 . . 1 Traps | -11 -10 -10 -9 -8 -8 -8 -8 -6 -6 -6 -5 -5 -5 -5 -5 ------- Run | Yrd Mat Min Mat Mat Sto Gar Rec Fac Was Fac Fac Ext Cet Arc Hub Traps Triggered 5 | . 1 . . . 1 . . 1 . 1 . 1 . . . Indirectly . | . . . . . . . . . . . . . . . . Trap Hack Attempts . | . . . . . . . . . . . . . . . . Triggered . | . . . . . . . . . . . . . . . . Disarmed . | . . . . . . . . . . . . . . . . Reprogrammed . | . . . . . . . . . . . . . . . . Reused . | . . . . . . . . . . . . . . . . Traps Extracted . | . . . . . . . . . . . . . . . . Installed . | . . . . . . . . . . . . . . . . Triggered . | . . . . . . . . . . . . . . . . Machines | -11 -10 -10 -9 -8 -8 -8 -8 -6 -6 -6 -5 -5 -5 -5 -5 ---------- Run | Yrd Mat Min Mat Mat Sto Gar Rec Fac Was Fac Fac Ext Cet Arc Hub Machines Disabled 1 | . . . . . . 1 . . . . . . . . . Max in Single Turn 1 | . . . . . . 1 . . . . . . . . . Machines Repaired . | . . . . . . . . . . . . . . . . Machines Dismantled . | . . . . . . . . . . . . . . . . Machines Sabotaged . | . . . . . . . . . . . . . . . . Overloaded Fab Kills . | . . . . . . . . . . . . . . . . Hacking | -11 -10 -10 -9 -8 -8 -8 -8 -6 -6 -6 -5 -5 -5 -5 -5 --------- Run | Yrd Mat Min Mat Mat Sto Gar Rec Fac Was Fac Fac Ext Cet Arc Hub Machines Accessed 60 | . 4 . 5 3 7 1 9 6 . 9 9 5 1 . 1 Terminals 43 | . 3 . 5 2 5 1 5 5 . 6 4 5 1 . 1 Fabricators 3 | . . . . . . . . . . . 3 . . . . Repair Stations 1 | . . . . . . . . 1 . . . . . . . Recycling Units 8 | . 1 . . . 1 . 4 . . 1 1 . . . . Scanalyzers 3 | . . . . 1 . . . . . 1 1 . . . . Garrison Access 2 | . . . . . 1 . . . . 1 . . . . . Total Hacks 152 | . 9 . 19 9 21 2 24 11 . 23 26 6 1 . 1 Successful 89 | . 6 . 10 6 9 1 16 3 . 12 19 5 1 . 1 Failed 62 | . 3 . 9 2 12 1 8 8 . 11 7 1 . . . Catastrophic 13 | . . . . . 2 1 3 2 . 4 1 . . . . Database Lockouts 1 | . . . . 1 . . . . . . . . . . . Manual 70 | . 7 . 12 4 12 1 11 7 . 8 7 . . . 1 Terminals 115 | . 8 . 19 5 18 2 17 9 . 12 17 6 1 . 1 Fabricators 5 | . . . . . . . . . . . 5 . . . . Repair Stations 2 | . . . . . . . . 2 . . . . . . . Recycling Units 13 | . 1 . . . 1 . 7 . . 2 2 . . . . Scanalyzers 13 | . . . . 4 . . . . . 7 2 . . . . Garrison Access 4 | . . . . . 2 . . . . 2 . . . . . Terminal Hacks 40 | . 4 . 4 1 5 1 5 1 . 3 9 5 1 . 1 Record 3 | . . . 1 . . . . . . 1 1 . . . . Part Schematic 6 | . . . . . 2 . . . . 1 3 . . . . Robot Schematic 1 | . . . . . . . 1 . . . . . . . . Robot Analysis 6 | . 2 . 2 . . . . . . . 2 . . . . Prototype ID Bank 2 | . 1 . 1 . . . . . . . . . . . . Open Door 8 | . . . . . 2 . . . . . . 5 1 . . Open DSF 1 | . . . . . . . . 1 . . . . . . . Level Access Points 2 | . . . . . . . 1 . . . . . . . 1 Branch Access Points 2 | . . . . . . . 1 . . . 1 . . . . Emergency Access Points 1 | . . . . . . 1 . . . . . . . . . Alert Level 4 | . 1 . . . 1 . . . . 1 1 . . . . Unreport Threat 1 | . . . . . . . 1 . . . . . . . . Recall Investigation 1 | . . . . . . . . . . . 1 . . . . Hauler Manifests 1 | . . . . . . . 1 . . . . . . . . Zone Layout 1 | . . . . 1 . . . . . . . . . . . Fabricator Hacks 5 | . . . . . . . . . . . 5 . . . . Load Schematic 2 | . . . . . . . . . . . 2 . . . . Build 3 | . . . . . . . . . . . 3 . . . . Repair Station Hacks . | . . . . . . . . . . . . . . . . Recycling Unit Hacks 11 | . 1 . . . 1 . 6 . . 2 1 . . . . Report Inventory 8 | . 1 . . . 1 . 4 . . 1 1 . . . . Retrieve Components 3 | . . . . . . . 2 . . 1 . . . . . Scanalyzer 10 | . . . . 3 . . . . . 5 2 . . . . Insert Component 5 | . . . . 1 . . . . . 3 1 . . . . Analyze 4 | . . . . 1 . . . . . 2 1 . . . . Retrieve Study 1 | . . . . 1 . . . . . . . . . . . Garrison Access Hacks 1 | . . . . . 1 . . . . . . . . . . Unlock Access 1 | . . . . . 1 . . . . . . . . . . Unauthorized Hacks 21 | . 1 . 6 2 2 . 4 2 . 2 2 . . . . Terminals 21 | . 1 . 6 2 2 . 4 2 . 2 2 . . . . Assimilate 1 | . . . 1 . . . . . . . . . . . . Operators 1 | . . . 1 . . . . . . . . . . . . Skim 19 | . 1 . 4 2 2 . 4 2 . 2 2 . . . . Fabricators . | . . . . . . . . . . . . . . . . Repair Stations . | . . . . . . . . . . . . . . . . Recycling Units . | . . . . . . . . . . . . . . . . Scanalyzers . | . . . . . . . . . . . . . . . . Garrison Access . | . . . . . . . . . . . . . . . . Data Cores Recovered 1 | . . . . 1 . . . . . . . . . . . Used 1 | . . . . 1 . . . . . . . . . . . Hacking Detections 45 | . 2 . 4 3 5 1 5 6 . 9 9 1 . . . Full Trace Events 5 | . . . . 1 . . 1 . . 1 2 . . . . Feedback Events . | . . . . . . . . . . . . . . . . Feedback Blocked . | . . . . . . . . . . . . . . . . Robot Schematics Acquired 1 | . . . . . . . 1 . . . . . . . . Robots Built . | . . . . . . . . . . . . . . . . Authchips . | . . . . . . . . . . . . . . . . Time . | . . . . . . . . . . . . . . . . Total Robot Build Rating . | . . . . . . . . . . . . . . . . Part Schematics Acquired 10 | . . . . 1 2 . . . . 3 4 . . . . Parts Built 5 | . . . . . . . . . . . 5 . . . . Authchips . | . . . . . . . . . . . . . . . . Time 339 | . . . . . . . . . . . 339 . . . . Total Part Build Rating 29 | . . . . . . . . . . . 29 . . . . Part Studies Acquired 1 | . . . . 1 . . . . . . . . . . . Parts Repaired . | . . . . . . . . . . . . . . . . Time . | . . . . . . . . . . . . . . . . Parts Recycled . | . . . . . . . . . . . . . . . . Recycled Matter . | . . . . . . . . . . . . . . . . Retrieved Matter . | . . . . . . . . . . . . . . . . Retrieved Components 6 | . . . . . . . 3 . . 3 . . . . . Parts Scanalyzed 5 | . . . . 1 . . . . . 3 1 . . . . Part Schematics Acquired 4 | . . . . 1 . . . . . 2 1 . . . . Parts Damaged 2 | . . . . . . . . . . 2 . . . . . Bothacking | -11 -10 -10 -9 -8 -8 -8 -8 -6 -6 -6 -5 -5 -5 -5 -5 ------------ Run | Yrd Mat Min Mat Mat Sto Gar Rec Fac Was Fac Fac Ext Cet Arc Hub Used RIF Installer . | . . . . . . . . . . . . . . . . Robots Hacked . | . . . . . . . . . . . . . . . . Non-combat . | . . . . . . . . . . . . . . . . Combat . | . . . . . . . . . . . . . . . . Robot Hacks Applied . | . . . . . . . . . . . . . . . . Relay Couplers Released . | . . . . . . . . . . . . . . . . Fabnet Peak Effective % . | . . . . . . . . . . . . . . . . Robots Rewired 2 | . . . . . . . . . . . . 2 . . . Allies Hacked . | . . . . . . . . . . . . . . . . Hacks Repelled . | . . . . . . . . . . . . . . . . Allies | -11 -10 -10 -9 -8 -8 -8 -8 -6 -6 -6 -5 -5 -5 -5 -5 -------- Run | Yrd Mat Min Mat Mat Sto Gar Rec Fac Was Fac Fac Ext Cet Arc Hub Total Allies 28 | . . . 1 . . . . . 18 . . 9 . . . Largest Group 18 | . . . 1 . . . . . 18 . . 5 . . . Highest-Rated Group 638 | . . . 10 . . . . . 638 . . 157 . . . Highest-Rated Ally 50 | . . . 10 . . . . . 50 . . 39 . . . Total Orders . | . . . . . . . . . . . . . . . . Ally Attacks 144 | . . . . . . . . . 94 . . 50 . . . Total Damage 4076 | . . . . . . . . . 3190 . . 886 . . . Kills 17 | . . . . . . . . . 11 . . 6 . . . Allies Corrupted 1 | . . . . . . . . . . . . 1 . . . Allies Melted . | . . . . . . . . . . . . . . . . Intel | -11 -10 -10 -9 -8 -8 -8 -8 -6 -6 -6 -5 -5 -5 -5 -5 ------- Run | Yrd Mat Min Mat Mat Sto Gar Rec Fac Was Fac Fac Ext Cet Arc Hub Active Infowar (turns) 2582 | 12 207 . 196 139 313 32 117 338 61 410 370 272 47 19 49 Optics 2275 | . . . 127 139 313 32 117 338 54 398 370 272 47 19 49 Sensors 654 | . . . . . . . . . . 55 370 229 . . . Terrain 1223 | 12 207 . . . . . . 326 48 329 301 . . . . Seismic 69 | . . . 69 . . . . . . . . . . . . Cloaking 87 | . . . . . . . . 14 61 12 . . . . . ECM 63 | . . . . . . . . . . . . 1 47 15 . Robot Analysis Total 6 | . 2 . 2 . . . . . . . 2 . . . . Derelict Logs Recovered 1 | . . 1 . . . . . . . . . . . . . Drone Launches . | . . . . . . . . . . . . . . . . Drone Recoveries . | . . . . . . . . . . . . . . . . Exploration | -11 -10 -10 -9 -8 -8 -8 -8 -6 -6 -6 -5 -5 -5 -5 -5 ------------- Run | Yrd Mat Min Mat Mat Sto Gar Rec Fac Was Fac Fac Ext Cet Arc Hub Turns Passed 3283 | 28 568 254 197 139 313 32 117 338 93 447 370 272 47 19 49 Spaces Moved 5020 | 17 652 286 286 179 385 89 268 358 186 688 765 616 86 56 103 Core 177 | . . . . 6 83 . . . . . . . . . 88 Treads . | . . . . . . . . . . . . . . . . Legs 67 | 17 50 . . . . . . . . . . . . . . Wheels . | . . . . . . . . . . . . . . . . Hover 2893 | . 602 286 286 173 . . . . . 688 765 93 . . . Flight 1883 | . . . . . 302 89 268 358 186 . . 523 86 56 15 Fastest Speed 27 | 120 56 56 52 52 31 31 31 28 28 38 36 27 27 32 35 Average Speed 43 | 120 61 56 52 53 56 31 31 30 40 38 38 29 49 32 47 Slowest Speed 172 | 120 120 56 56 100 150 31 31 31 104 38 40 99 172 35 50 Overloaded Moves . | . . . . . . . . . . . . . . . . Propulsion Burnouts . | . . . . . . . . . . . . . . . . Robots Hopped 5 | . . . . . . . . . . . . 3 . 2 . Potential Cave-ins . | . . . . . . . . . . . . . . . . Cave-ins Triggered . | . . . . . . . . . . . . . . . . Exploration Rate (%) 45 | 3 87 53 27 28 69 29 71 10 84 22 22 68 74 62 14 Regions Visited 15 Branch Regions 7 Pre-discovered Areas . | . . . . . . . . . . . . . . . . Known Exits Taken 3 | . . . . . 1 . 1 . . . 1 . . . . Unknown Exits Taken 9 | 1 1 1 1 1 . . . . . 1 . 1 1 1 . Scrap Searched 1 | . . 1 . . . . . . . . . . . . . Spaces Dug . | . . . . . . . . . . . . . . . . Terrain Destroyed 24 | . . . . 22 2 . . . . . . . . . . Melee . | . . . . . . . . . . . . . . . . Projectile 2 | . . . . . 2 . . . . . . . . . . AOE 22 | . . . . 22 . . . . . . . . . . . Terrain Rammed . | . . . . . . . . . . . . . . . . Walls Destroyed . | . . . . . . . . . . . . . . . . Machines Disabled . | . . . . . . . . . . . . . . . . Actions | -11 -10 -10 -9 -8 -8 -8 -8 -6 -6 -6 -5 -5 -5 -5 -5 --------- Run | Yrd Mat Min Mat Mat Sto Gar Rec Fac Was Fac Fac Ext Cet Arc Hub Total 5940 | 20 771 372 319 205 441 90 300 587 202 869 835 682 90 54 103 Wait 613 | . 55 81 9 7 6 1 30 209 11 131 45 27 . 1 . Move 4996 | 16 651 285 285 178 384 88 267 358 185 687 764 609 85 51 103 Hop 5 | . . . . . . . . . . . . 3 . 2 . Pick Up 61 | . 13 . 5 5 9 . 1 5 2 16 4 . 1 . . Fast Attach 30 | 1 2 1 . . 4 . . 4 2 5 4 7 . . . Attach 26 | . 1 . 4 5 3 . 1 3 2 2 3 1 1 . . Detach 2 | . . . . . . . . 1 . . . 1 . . . Swap 24 | 1 4 . 2 . 2 . 1 1 . 6 2 4 1 . . Drop 59 | . 12 1 4 . 7 . . 6 . 16 8 3 2 . . Fire 61 | 2 31 4 10 2 8 . . . . 4 . . . . . Melee 45 | . . . . 8 18 1 . . . 2 5 11 . . . Ram 2 | . 2 . . . . . . . . . . . . . . Kick . | . . . . . . . . . . . . . . . . Crush . | . . . . . . . . . . . . . . . . Escape Stasis 10 | . . . . . . . . . . . . 10 . . . Rewire 6 | . . . . . . . . . . . . 6 . . . Trap . | . . . . . . . . . . . . . . . . Miscellaneous . | . . . . . . . . . . . . . . . . Route ------- -11/Scrapyard -10/Materials (discovered 3 exits: *Mat x2 / [*Min]) -10/Mines (discovered 3 exits: *Mat x2 / [*Sub]) -9/Materials (discovered 2 exits: *Mat / [*Min]) -8/Materials -8/Storage -8/Garrison -8/Recycling -6/Factory -6/Waste -6/Factory (discovered 2 exits: *Fac x2) -5/Factory (discovered 4 exits: *Upp x2 / *Ext x2) -5/Extension (discovered 2 exits: *Fac / *Cet) -5/Cetus -5/Archives -5/Hub_04(d) (discovered 4 exits: Fac x4) History --------- Turn | Location | Event 1 | -11/Scrapyard | Discovered new exit (range 3) 29 | -11/Scrapyard | Entered Materials 301 | -10/Materials | Build established: Mutant 355 | -10/Materials | Discovered new exit (range 15) 376 | -10/Materials | Discovered new exit (range 10) 412 | -10/Materials | Discovered new exit (range 12) 597 | -10/Materials | Entered Mines 722 | -10/Mines | Discovered new exit (range 6) 801 | -10/Mines | Discovered new exit (range 9) 828 | -10/Mines | Learned Materials emergency access door positions 829 | -10/Mines | Discovered new exit (range 8) 851 | -10/Mines | Entered Materials 851 | -9/Materials | Evolved 2 slots: Propulsion x1, Utility x1 954 | -9/Materials | Discovered new exit (range 6) 1024 | -9/Materials | Discovered new exit (range 3) 1048 | -9/Materials | Entered another Materials area 1048 | -8/Materials | Evolved 2 slots: Propulsion x1, Utility x1 1079 | -8/Materials | Lost 5 parts (1p2n2w) 1115 | -8/Materials | Central database locked down 1164 | -8/Materials | Discovered new exit (range 8) 1187 | -8/Materials | Entered Storage 1211 | -8/Storage | Lost 4 parts (1p3n) 1470 | -8/Storage | Core integrity fell below 50% 1500 | -8/Storage | Identified exit to Garrison 1500 | -8/Storage | Entered Garrison 1509 | -8/Garrison | Triggered checkpoint 1529 | -8/Garrison | Discovered new exit (range 8) 1532 | -8/Garrison | Entered Recycling 1533 | -8/Recycling | Met a Zionite searching for Scraptown 1565 | -8/Recycling | Identified exit to Factory 1649 | -8/Recycling | Entered Factory 1649 | -6/Factory | Evolved 4 slots: Propulsion x1, Utility x3 1740 | -6/Factory | Identified exit to DSF 1770 | -6/Factory | Build established: Scavenger-Sprinter 1895 | -6/Factory | Discovered new exit (range 5) 1987 | -6/Factory | Sucked down chute 1987 | -6/Factory | Entered Waste 1995 | -6/Waste | Spotted C-40 Crusher 1996 | -6/Waste | Spotted C-40 Crusher 2004 | -6/Waste | Spotted C-40 Crusher 2010 | -6/Waste | Warlord forces began an assault 2034 | -6/Waste | Allies destroyed C-40 Crusher 2036 | -6/Waste | Crushed by Compactor (1 part destroyed, 1 dropped) 2038 | -6/Waste | Spotted C-40 Crusher 2046 | -6/Waste | Spotted C-40 Crusher 2048 | -6/Waste | Crushed by Compactor (1 part destroyed, 1 dropped) 2055 | -6/Waste | Allies destroyed C-40 Crusher 2057 | -6/Waste | Discovered new exit (range 15) 2060 | -6/Waste | Spotted C-40 Crusher 2079 | -6/Waste | Lost 3 parts (1p2n) 2080 | -6/Waste | Entered Factory 2093 | -6/Factory | Lost 6 allies 2424 | -6/Factory | Discovered new exit (range 4) 2501 | -6/Factory | Discovered new exit (range 19) 2514 | -6/Factory | Build established: Hacker-Mutant 2527 | -6/Factory | Entered another Factory area 2527 | -5/Factory | Evolved 2 slots: Power x1, Utility x1 2637 | -5/Factory | Discovered new exit (range 17) 2657 | -5/Factory | Fabricated Nuclear Pulse Thruster? 2682 | -5/Factory | Identified exit to Upper Caves 2682 | -5/Factory | Identified exit to Extension 2792 | -5/Factory | Fabricated Aerolev Unit? 2828 | -5/Factory | Build established: Hacker-Scout 2865 | -5/Factory | Fabricated Linear Accelerator? 2897 | -5/Factory | Entered Extension 2923 | -5/Extension | Rescued a captive Derelict 2972 | -5/Extension | Lost 3 allies 3007 | -5/Extension | Lost 3 parts (1p1n1u) 3015 | -5/Extension | Spotted B-75 Beast 3017 | -5/Extension | Spotted B-75 Beast 3031 | -5/Extension | Rescued a captive Derelict 3036 | -5/Extension | Rescued a captive Derelict 3036 | -5/Extension | Rescued a captive Derelict 3054 | -5/Extension | Rescued a captive Derelict 3074 | -5/Extension | Rescued a captive Derelict 3076 | -5/Extension | Rescued a captive Derelict 3156 | -5/Extension | Discovered new exit (range 20) 3156 | -5/Extension | Discovered new exit (range 19) 3158 | -5/Extension | Lost 5 allies 3166 | -5/Extension | Lost 3 parts (1p2u) 3169 | -5/Extension | Entered Cetus 3176 | -5/Cetus | Spotted Cetus Guard 3176 | -5/Cetus | Spotted Cetus Guard 3177 | -5/Cetus | Spotted Cetus Guard 3178 | -5/Cetus | Spotted Cetus Guard 3193 | -5/Cetus | Core integrity fell below 50% 3210 | -5/Cetus | Discovered new exit (range 20) 3216 | -5/Cetus | Entered Archives 3229 | -5/Archives | Discovered new exit (range 20) 3230 | -5/Archives | Core integrity fell below 20% 3230 | -5/Archives | Unable to access archive contents 3235 | -5/Archives | Entered Hub_04(d) 3239 | -5/Hub_04(d) | Identified exit to Factory 3271 | -5/Hub_04(d) | Lost 9 parts (2p5n2u) 3284 | -5/Hub_04(d) | Destroyed by G-50 Soldier with Heavy Laser Last Messages --------------- 03230_ Current location identified: Archives 03231_ ECM Suite destroyed. 03231_ Penetrated by Slug. 03231_ Imp. VTOL Module destroyed. LOCATION=UNKNOWN GOAL=ESCAPE 03239_ Connecting with Terminal... 03239_ Current location identified: Hub_04(d) >>Access(Main) Found 4 level access points to Factory: (33,21) (49,50) (3,68) (55,58) Map updated. 03240_ Imp. VTOL Module destroyed. 03240_ Critical hit (Blast). 03241_ Acquired 10 matter. 03249_ System corrupted: Energy discharge (-30). 03282_ Critical hit (Burn: +37). Map ----- +----------------------------------------------------+ | ??????????????????????????????????????? | | ??????????????????????????????????????? | | ??????????????????????????????????????? | | ??????????????????????????????????????? | | ??????????????????????????????????????? | | ??????????????????????????????????????? | | ????????#############?????????????????? | | ????????# #?????????????????? | | ????????# " #?????????????????? | | ????????# """ #?????????????????? | | ????????# """"" #?????????????????? | | ????????# """"""" #?????????????????? | | ????????# """"" #?????????????????? | | ????????# """ #?????????????????? | | ????????# " #?????????????????? | | ????????# #?????????????????? | | ????????# #?????????????????? | | ????????######++#####?????????????????? | | ??????######## ########??????????????? | | ??????# # # #??????????????? | | ??????# " " + + #??????????????? | | ??????# " " # # """" #?????????